 Adventure DCSS version bcrawl-1.27.3 (webtiles) character file.

Game seed: 13742980116564098907

77824 hickop the Firebug (level 2, 0/22 HPs)
             Began as a Djinni Fire Elementalist on Aug 17, 2020.
             Slain by a kobold
             ... wielding a +0 whip
              (1 damage)
             ... on level 1 of the Dungeon.
             The game lasted 00:05:21 (928 turns).

hickop the Firebug (Djinni Fire Elementalist)        Turns: 928, Time: 00:05:22

Health: 0/22       AC:  2    Str: 10    XL:     2   Next: 27%
Magic:  6/6        EV: 12    Int: 17    God:
Gold:   87         SH:  0    Dex: 11    Spells: 6/7 levels left
                                        Lives:  0   Deaths: 2

rFire    . . .     SeeInvis .     - Fists (3.8)
rCold    . . .     Gourm    .   (no shield)
rNeg     . . .     Faith    .   a - +0 robe
rPois    .         Spirit   .   (no helmet)
rElec    .         Reflect  .   (no cloak)
rCorr    .         Harm     .   (no gloves)
MR       .....     Rnd*Rage +   (boots unavailable)
Stlth    ++........             (no amulet)
HPRegen  0.07/turn              (no ring)
MPRegen  0.10/turn              (no ring)

@: flying
A: never pass out, berserk 2, blurry vision 2, wild magic 1, MP-powered wands,
floating
a: no special abilities


You were on level 1 of the Dungeon.
You were not hungry.

You visited 1 branch of the dungeon, and saw 2 of its levels.

You collected 87 gold pieces.

Inventory:

Missiles
 c - 322 stones (quivered)
Armour
 a - a +0 robe (worn)
 j - a +1 hat
Jewellery
 i - a +4 ring of evasion {unknown}
Scrolls
 d - a scroll of identify
 f - a scroll of blinking {unknown}
 g - a scroll of enchant armour {unknown}
Potions
 h - a potion of haste {unknown}
 k - 2 potions of curing {unknown}
 l - a potion of lignification {unknown}
Comestibles
 b - a chunk of flesh
 e - 2 rations {!d}


   Skills:
 + Level 0.5 Fighting
 + Level 2.4 Dodging
 + Level 1.8 Stealth
 + Level 0.8 Unarmed Combat
 + Level 3.4 Spellcasting
 + Level 1.2 Conjurations
 + Level 3.9 Fire Magic


You had 6 spell levels left.
You knew the following spells:

 Your Spells              Type           Power        Failure   Level  Hunger
a - Flame Tongue          Conj/Fire      ###..        10%         1    None

Your spell library contained the following spells:

 Spells                   Type           Power        Failure   Level  Hunger
 Flaming Arrows           Chrm/Fire      ##......     17%         2    None
 Conjure Flame            Conj/Fire      ###.....     24%         3    ####...
 Inner Flame              Hex/Fire       N/A          30%         3    ####...
 Sticky Flame             Conj/Fire      ###.....     58%         4    #####..
 Fireball                 Conj/Fire      ###.......   89%         5    ######.


Dungeon Overview and Level Annotations

Branches:
Dungeon (2/12)

Altars:

Annotations:
D:2 Jessica


Innate Abilities, Weirdness & Mutations

You never pass out after going berserk.
You often lose your temper in combat.
Scrolls take you longer to read.
Your spells are a little harder to cast, but a little more powerful.
You expend magic power (3 MP) to strengthen your wands.
Your body floats in the air.


Message History

The kobold hits you with a +0 whip.
You are too injured to fight recklessly!
You are too injured to fight recklessly!
You are too injured to fight recklessly!
You are too injured to fight recklessly!
You are too injured to fight recklessly!
You are too injured to fight recklessly!
You are too injured to fight recklessly!
You closely miss the bat.
The bat is severely wounded.
The bat hits you. The kobold hits you with a +0 whip!
* * * LOW HITPOINT WARNING * * *
The bat barely misses you. The kobold hits you with a +0 whip.
* * * LOW HITPOINT WARNING * * *
The bat hits you.
* * * LOW HITPOINT WARNING * * *
The kobold barely misses you. The bat closely misses you.
The bat hits you but does no damage. The kobold hits you with a +0 whip.
You die...

...##.....#....#...#.....#.......
........(.####.#...##...†....#...
..........# #.#...####..#...[...
..........# ##.#.........##.....#
..........# #...#..###.#.#.#...#.
..........# #...#..# #...####.###
..........###...#..#####.........
................?...# ###....#.#
##.....#######.K@...# #.....#[#
#.....# #......+ #.##..#.#
####### #...b..# #.##..#.#
##.....# #g###.#.# #.......
##†##..... #$....####...###..#
##...###...≈†..#..# #####
#.⌠.≈.†.##># #...≈...##..


You could see a bat and a kobold.

Vanquished Creatures
  A dart slug (D:1)
  3 leopard geckos (D:1)
  2 giant cockroaches (D:1)
  3 hobgoblins (D:1)
  4 jackals (D:1)
  2 kobolds (D:1)
  A ball python (D:1)
  4 bats (D:1)
  A frilled lizard (D:1)
  2 goblins (D:1)
  5 rats (D:1)
28 creatures vanquished.

Notes
Turn   | Place    | Note
-------+----------+-------------------------------------------
     0 | D:1      | hickop the Djinni Fire Elementalist began the quest for the
                  | Orb.
     0 | D:1      | Reached XP level 1. HP: 14/14 MP: 4/4
    59 | D:2      | Noticed Jessica
    63 | D:1      | Slain by a hobgoblin
   252 | D:1      | Reached XP level 2. HP: 11/20 MP: 6/6
   269 | D:1      | HP: 1/20 [hobgoblin/+0 club (5)]
   524 | D:1      | Slain by a hobgoblin
   525 | D:1      | Reached XP level 1. HP: 0/14 MP: 4/4
   746 | D:1      | Reached XP level 2. HP: 17/22 MP: 6/6
   926 | D:1      | HP: 1/22 [bat (1)]
   928 | D:1      | Slain by a kobold

Action                   || total
-------------------------++-------
Melee: Unarmed           ||   114
 Cast: Flame Tongue      ||     9
 Stab: Sleeping          ||     2
Armor: Robe              ||    25
Dodge: Dodged            ||   114
